 Dungeon Crawl Stone Soup version 0.23-a0-470-g6f7cfd9 (webtiles) character file.

2688 jerryfan the Thaumaturge (level 9, -7/68 HPs)
             Began as a Gnoll Wanderer on Nov 26, 2018.
             Was a Believer of Cheibriados.
             Mangled by a vampire (11 damage)
             ... on level 8 of the Dungeon.
             The game lasted 00:34:53 (10313 turns).

jerryfan the Thaumaturge (Gnoll Wanderer)          Turns: 10313, Time: 00:34:54

Health: -7/68      AC:  5    Str: 21    XL:     9   Next: 64%
Magic:  30/30      EV: 14    Int: 21    God:    Cheibriados [**....]
Gold:   357        SH:  0    Dex: 15    Spells: 16/25 levels left

rFire    + . .     SeeInvis .   C - +2 flail (holy)
rCold    + . .     Gourm    .   (no shield)
rNeg     . . .     Faith    .   e - +0 robe
rPois    .         Spirit   .   i - +1 helmet
rElec    .         Reflect  .   (no cloak)
rCorr    .         Harm     .   u - +0 pair of gloves
MR       .....                  (no boots)
Stlth    +++.......             (no amulet)
HPRegen  0.21/turn              E - ring of the Briny Deep {rF+ rC+ MP+9 Slay-6}
MPRegen  0.22/turn              (no ring)

@: flying, very slow
A: distributed training, fangs 1, hooves 1, dopey 1, MP-powered wands, strong
nose
a: Bend Time, Renounce Religion


You were on level 8 of the Dungeon.
You worshipped Cheibriados.
Cheibriados was pleased with you.
You were not hungry.

You visited 2 branches of the dungeon, and saw 9 of its levels.

You collected 357 gold pieces.

Inventory:

Hand Weapons
 b - a +2 blowgun
 d - a +0 short sword
 m - a +5 spear of pain
 q - a +2 mace of venom
 C - a +2 flail of holy wrath (weapon)
Missiles
 a - 15 curare-tipped needles
 k - 5 poisoned needles
Armour
 e - a +0 robe (worn)
 i - a +1 helmet (worn)
 r - a cursed +0 leather armour
 u - a +0 pair of gloves (worn)
Jewellery
 E - the ring of the Briny Deep (left hand) {rF+ rC+ MP+9 Slay-6}
   (You found it on level 6 of the Dungeon)

   [ring of magical power]

   It affects your accuracy and damage with ranged weapons and melee attacks
   (-6).
   It protects you from fire.
   It protects you from cold.
   It affects your magic capacity (+9).
Wands
 l - a wand of flame (11)
 A - a wand of enslavement (11)
 B - a wand of acid (8)
 D - a wand of paralysis (7)
Scrolls
 j - a scroll of fog
 s - 2 scrolls of teleportation
 x - 3 scrolls of remove curse
 y - 3 scrolls of identify
 G - a scroll of vulnerability
Potions
 c - a potion of brilliance {unknown}
 g - 2 potions of haste
 h - 2 potions of might {unknown}
 o - 2 potions of curing
 p - a potion of mutation
 t - a potion of agility {unknown}
 v - 2 potions of lignification {unknown}
 w - 2 potions of ambrosia {unknown}
 z - 2 potions of flight
Comestibles
 f - 20 rations
 F - 5 chunks of flesh


   Skills:
 + Level 5.1 Fighting
 + Level 6.4 Short Blades
 + Level 4.3 Long Blades
 + Level 4.3 Axes
 + Level 4.3 Maces & Flails
 + Level 4.3 Polearms
 + Level 4.3 Staves
 + Level 4.3 Slings
 + Level 4.3 Bows
 + Level 4.3 Crossbows
 + Level 5.1 Throwing
 + Level 4.3 Armour
 + Level 4.3 Dodging
 + Level 4.3 Stealth
 + Level 5.1 Shields
 + Level 4.3 Unarmed Combat
 + Level 8.5 Spellcasting
 + Level 3.6 Conjurations
 + Level 4.2 Hexes
 + Level 3.6 Charms
 + Level 3.6 Summonings
 + Level 3.6 Necromancy
 + Level 3.6 Translocations
 + Level 3.6 Transmutations
 + Level 3.6 Fire Magic
 + Level 4.2 Ice Magic
 + Level 3.6 Air Magic
 + Level 3.6 Earth Magic
 + Level 3.6 Poison Magic
 + Level 4.8 Invocations
 + Level 4.3 Evocations


You had 16 spell levels left.
You knew the following spells:

 Your Spells              Type           Power        Failure   Level  Hunger
a - Sting                 Conj/Pois      ###.         1%          1    None
b - Mephitic Cloud        Conj/Pois/Air  ###.....     5%          3    None
c - Airstrike             Air            ###.......   17%         4    ###....
d - Shock                 Conj/Air       ###.         1%          1    None

Your spell library contained the following spells:

 Spells                   Type           Power        Failure   Level  Hunger
 Swiftness                Chrm/Air       ###.....     2%          2    None
 Static Discharge         Conj/Air       ###.....     5%          3    None
 Lightning Bolt           Conj/Air       ###.......   43%         5    #####..


Dungeon Overview and Level Annotations

Branches:
Dungeon (8/15)             Temple (1/1) D:6
   Lair: D:8-11

Altars:
Ashenzari
Cheibriados
Dithmenos
Kikubaaqudgha
Makhleb
Okawaru
Qazlal
Ru
Sif Muna
Trog
Vehumet
Wu Jian
Yredelemnul
The Shining One

Annotations:
D:2 1 runed door, exclusions: door and downstairs
D:3 exclusion: door
D:4 exclusion: downstairs
D:5 exclusion: downstairs
D:8 exclusion: hungry ghost


Innate Abilities, Weirdness & Mutations

Your experience applies equally to all skills.
You have very sharp teeth.
Your uncanny sense of smell can sniff out nearby items.
You have large cloven feet.
You are dopey. (Int -2)
You expend magic power (3 MP) to strengthen your wands.


Message History

You fly up into the air.
The vampire gestures at you while chanting.
You are confused.
It was a potion of heal wounds.
You feel much better. The vampire closely misses you. The vampire bites you!
* * * LOW HITPOINT WARNING * * *
The vampire draws strength from your injuries!
You feel much better.
The vampire hits you but does no damage.
The vampire misses you. The vampire misses you. The vampire bites you!
The vampire draws strength from your injuries!
The vampire hits you!
* * * LOW HITPOINT WARNING * * *
The vampire closely misses you.
You are too injured to fight recklessly!
You feel better. The vampire hits you!
* * * LOW HITPOINT WARNING * * *
The vampire bites you!
You die...

.. ##.# ∆ .####
#... ..... #..# #
#.#.# #..# #.#.#.#
#... #.#.#.####.#
#.## #......)...#
##.##
#.###.#...#..#
#.... #...@V....#
#..## #####.....#
#..## #..#### #..##
##....#. #....
##.#.#.#####.##.
####....#....##....
+..........<.......
####...#.###.##....
#..##.# #.###.##


You could see a vampire.

Vanquished Creatures
  A hippogriff (D:6)
  Edmund (D:5)
  A black bear (D:7)
  2 ice beasts (D:6)
  3 ogres
  4 phantoms
  3 centaurs
  A big kobold (D:7)
  A gnoll sergeant (D:6)
  3 bullfrogs
  2 howler monkeys
  2 crimson imps
  A bullfrog zombie (D:8)
  2 centaur zombies (D:5)
  A jelly (D:8)
  2 hounds (D:7)
  An orc priest (D:8)
  An iguana (D:5)
  2 orc wizards
  5 worker ants
  Terence (D:2)
  A killer bee zombie (D:6)
  A worker ant zombie (D:6)
  9 gnolls
  8 adders
  3 oozes
  4 adder skeletons
  2 adder zombies (D:6)
  2 worms
  3 dart slugs
  4 leopard geckos
  23 orcs
  5 bats
  5 giant cockroaches
  5 goblins
  6 hobgoblins
  18 jackals
  5 kobolds
  2 quokkas
  2 ball pythons
  8 frilled lizards
  2 leopard gecko skeletons
  A leopard gecko zombie (D:5)
  6 rats
  A bush (D:4)
166 creatures vanquished.

Notes
Turn   | Place    | Note
-------+----------+-------------------------------------------
     0 | D:1      | jerryfan the Gnoll Wanderer began the quest for the Orb.
     0 | D:1      | jerryfan set off with the following items: a curare-tipped
                  | needle, a +2 blowgun, a +0 short sword, a +0 robe, a
                  | ration; and the following spell memorised: Sting; and the
                  | following spells available to memorise: Mephitic Cloud
     0 | D:1      | Reached XP level 1. HP: 17/17 MP: 8/8
   216 | D:1      | Reached XP level 2. HP: 7/23 MP: 0/10
   942 | D:1      | Reached XP level 3. HP: 24/28 MP: 7/11
  1522 | D:2      | Found a runed door.
  1661 | D:2      | Noticed Terence
  1678 | D:2      | Reached skill level 1 in Invocations
  1690 | D:2      | Killed Terence
  1690 | D:2      | Reached skill level 1 in Long Blades
  1690 | D:2      | Reached skill level 1 in Axes
  1690 | D:2      | Reached skill level 1 in Maces & Flails
  1690 | D:2      | Reached skill level 1 in Polearms
  1690 | D:2      | Reached skill level 1 in Staves
  1690 | D:2      | Reached skill level 1 in Slings
  1690 | D:2      | Reached skill level 1 in Bows
  1690 | D:2      | Reached skill level 1 in Crossbows
  1690 | D:2      | Reached skill level 1 in Armour
  1690 | D:2      | Reached skill level 1 in Dodging
  1690 | D:2      | Reached skill level 1 in Stealth
  1690 | D:2      | Reached skill level 1 in Unarmed Combat
  1690 | D:2      | Reached skill level 1 in Evocations
  1690 | D:2      | Reached XP level 4. HP: 17/34 MP: 7/13
  2136 | D:2      | Learned a level 3 spell: Mephitic Cloud
  2385 | D:3      | Noticed a phantom
  2464 | D:3      | Reached skill level 1 in Conjurations
  2464 | D:3      | Reached skill level 1 in Charms
  2464 | D:3      | Reached skill level 1 in Summonings
  2464 | D:3      | Reached skill level 1 in Necromancy
  2464 | D:3      | Reached skill level 1 in Translocations
  2464 | D:3      | Reached skill level 1 in Transmutations
  2464 | D:3      | Reached skill level 1 in Fire Magic
  2464 | D:3      | Reached skill level 1 in Air Magic
  2464 | D:3      | Reached skill level 1 in Earth Magic
  2464 | D:3      | Reached skill level 1 in Poison Magic
  2795 | D:3      | Reached XP level 5. HP: 35/40 MP: 9/14
  3553 | D:4      | Reached XP level 6. HP: 47/47 MP: 9/16
  3811 | D:4      | Found a basalt altar of Yredelemnul.
  3815 | D:4      | Found an iron altar of Okawaru.
  3816 | D:4      | Found a shadowy altar of Dithmenos.
  3886 | D:4      | Reached skill level 5 in Short Blades
  4138 | D:4      | Reached XP level 7. HP: 52/52 MP: 7/18
  4480 | D:5      | Entered Level 5 of the Dungeon
  4482 | D:5      | Noticed Edmund
  5603 | D:5      | Killed Edmund
  5681 | D:6      | Reached XP level 8. HP: 38/60 MP: 19/19
  6109 | D:6      | Found a staircase to the Ecumenical Temple.
  6219 | Temple   | Entered the Ecumenical Temple
  6256 | Temple   | Became a worshipper of Cheibriados the Contemplative
  6996 | D:6      | Got a twitching ivory ring
  7015 | D:6      | Reached skill level 8 in Spellcasting
  7019 | D:6      | Reached * piety under Cheibriados
  7031 | D:6      | Identified the ring of the Briny Deep {rF+ rC+ MP+9 Slay-6}
                  | (You found it on level 6 of the Dungeon)
  7264 | D:6      | Noticed a hippogriff
  7617 | D:7      | Reached XP level 9. HP: 34/66 MP: 21/21
  9465 | D:6      | Reached ** piety under Cheibriados
  9567 | D:6      | Reached skill level 5 in Fighting
  9567 | D:6      | Reached skill level 5 in Throwing
  9567 | D:6      | Reached skill level 5 in Shields
  9671 | D:6      | Learned a level 4 spell: Airstrike
  9673 | D:6      | Learned a level 1 spell: Shock
 10175 | D:8      | Found a bloodstained altar of Trog.
 10308 | D:8      | Gained mutation: You expend magic power (3 MP) to
                  | strengthen your wands. [potion of mutation]
 10308 | D:8      | Gained mutation: You are dopey. (Int -2) [potion of
                  | mutation]
 10308 | D:8      | Gained mutation: You have large cloven feet. [potion of
                  | mutation]
 10308 | D:8      | HP: 1/68 [vampire (6)]
 10313 | D:8      | Mangled by a vampire

Vault maps used:
D:1:      ncdulo_smallfort
D:2:      uniq_terence, uniq_crazy_yiuf_cottage
D:3:      serial_glass, glass_columns_c, glass_columns_a, first_ration
D:4:      gammafunk_temple_overflow_forgotten, dk_vineyard_2, grunt_ministairs_4
D:5:      uniq_edmund
D:6:      minmay_clustersquares, temple_doors_cd, hangedman_decor_riveting
D:7:      serial_curves, eino_curves_03, eino_curves_03, eino_curves_03,
          corexii_corridor_pit
D:8:      hangedman_ranch, minivault_10, trog_three_pillars_becter
Temple:   eino_narrow_crystal_temple

Skill      XL: |  1  2  3  4  5  6  7  8  9 |
---------------+----------------------------+-----
Hexes          | 2 3 4 |  4.2
Ice Magic      | 2 3 4 |  4.2
Invocations    | 1 2 3 4 |  4.8
Long Blades    | 1 2 3 4 |  4.3
Axes           | 1 2 3 4 |  4.3
Maces & Flails | 1 2 3 4 |  4.3
Polearms       | 1 2 3 4 |  4.3
Staves         | 1 2 3 4 |  4.3
Slings         | 1 2 3 4 |  4.3
Bows           | 1 2 3 4 |  4.3
Crossbows      | 1 2 3 4 |  4.3
Armour         | 1 2 3 4 |  4.3
Dodging        | 1 2 3 4 |  4.3
Stealth        | 1 2 3 4 |  4.3
Unarmed Combat | 1 2 3 4 |  4.3
Evocations     | 1 2 3 4 |  4.3
Conjurations   | 1 2 3 |  3.6
Charms         | 1 2 3 |  3.6
Summonings     | 1 2 3 |  3.6
Necromancy     | 1 2 3 |  3.6
Translocations | 1 2 3 |  3.6
Transmutations | 1 2 3 |  3.6
Fire Magic     | 1 2 3 |  3.6
Air Magic      | 1 2 3 |  3.6
Earth Magic    | 1 2 3 |  3.6
Poison Magic   | 1 2 3 |  3.6
Fighting       | 3 4 5 |  5.1
Throwing       | 3 4 5 |  5.1
Shields        | 3 4 5 |  5.1
Short Blades   | 5 6 |  6.4
Spellcasting   | 8 |  8.5

Action                   |  1- 3 |  4- 6 |  7- 9 || total
-------------------------+-------+-------+-------++-------
Melee: Short sword       |    76 |       |       ||    76
       Bite              |     6 |    15 |    38 ||    59
       Punch             |     1 |     1 |     7 ||     9
       Mace              |    16 |   129 |   314 ||   459
       Spear             |       |       |    13 ||    13
       Flail             |       |       |     9 ||     9
 Fire: Blowgun           |       |       |     7 ||     7
 Cast: Sting             |    39 |    56 |    27 ||   122
       Mephitic Cloud    |       |    13 |    24 ||    37
       Shock             |       |       |     5 ||     5
Evoke: Wand              |       |       |    18 ||    18
  Use: Scroll            |     2 |     1 |     9 ||    12
       Potion            |     1 |     1 |     6 ||     8
 Stab: Sleeping          |       |     2 |     3 ||     5
       Confused          |       |     1 |     8 ||     9
       Paralysed         |       |       |    15 ||    15
       Distracted        |       |       |     1 ||     1
  Eat: Chunk             |     2 |     9 |     7 ||    18
       Ration            |       |       |     2 ||     2
Armor: Robe              |    12 |    21 |    97 ||   130
Dodge: Dodged            |    49 |    73 |   246 ||   368

Table legend:
 A = Non-vault XP
 B = Vault XP
 C = Vault XP percentage of total XP
 D = Non-vault monster count
 E = Vault monster count
 F = Vault count percentage of total count
                 A         B        C        D         E       F
            +---------+---------+-------+---------+---------+-------
      Total |    2963 |     877 |  22.8 |     153 |      12 |   7.3
            +---------+---------+-------+---------+---------+-------
        D:1 |      41 |       0 |   0.0 |      21 |       0 |   0.0
        D:2 |      43 |      32 |  42.7 |      15 |       1 |   6.2
        D:3 |     194 |       0 |   0.0 |      26 |       0 |   0.0
        D:4 |     289 |      34 |  10.5 |      27 |       1 |   3.6
        D:5 |     396 |     164 |  29.3 |      12 |       1 |   7.7
        D:6 |     760 |     647 |  46.0 |      27 |       9 |  25.0
        D:7 |    1068 |       0 |   0.0 |      19 |       0 |   0.0
        D:8 |     172 |       0 |   0.0 |       6 |       0 |   0.0
            +---------+---------+-------+---------+---------+-------
